 Dungeon Crawl Stone Soup version 0.19-a0-1007-g133f65f (webtiles) character file.

216 khekkus the Magician (level 5, -2/31 HPs)
             Began as a High Elf Fire Elementalist on July 20, 2016.
             Shot with an arrow by a centaur (12 damage)
             ... on level 6 of the Dungeon.
             The game lasted 00:13:06 (4617 turns).

khekkus the Magician (High Elf Fire Elementalist)   Turns: 4617, Time: 00:13:07

Health: -2/31      AC:  2    Str:  4 (7)  XL:     5   Next: 61%
Magic:  5/12       EV: 12    Int: 22 (25) God:
Gold:   161        SH:  0    Dex: 12 (15) Spells: 4 memorised, 2 levels left

rFire  . . .     SeeInvis .     h - +0 dagger
rCold  . . .     Gourm    .     a - +0 robe
rNeg   . . .     Faith    .     (no shield)
rPois  .         Spirit   .     (no helmet)
rElec  .         Dismiss  .     (no cloak)
rCorr  .         Reflect  .     (no gloves)
SustAt .         Harm     .     (no boots)
MR     .....                    (no amulet)
Stlth  ++........               (no ring)
                                n - ring of wizardry

@: brilliant, not resistant to hostile enchantments, unstealthy
A: no striking features
a: no special abilities


You were on level 6 of the Dungeon.
You were not hungry.

You visited 1 branch of the dungeon, and saw 6 of its levels.

You collected 161 gold pieces.

Inventory:

Hand Weapons
 h - a +0 dagger (weapon)
Armour
 a - a +0 robe (worn)
 t - a +0 buckler
Jewellery
 n - a ring of wizardry (left hand)
Wands
 l - a wand of slowing (29/48)
Scrolls
 i - 2 scrolls of remove curse
 j - a scroll of blinking {unknown}
 q - a scroll of noise {unknown}
 v - 3 scrolls of magic mapping
Potions
 g - a potion of might {unknown}
 k - a potion of flight {unknown}
 m - a potion of cancellation {unknown}
 o - a potion of ambrosia {unknown}
 p - a potion of curing {unknown}
 r - a potion of berserk rage {unknown}
Books
 b - a book of Flames

   Spells                             Type                      Level
   a - Flame Tongue                   Conjuration/Fire             1
   b - Throw Flame                    Conjuration/Fire             2
   c - Conjure Flame                  Conjuration/Fire             3
   d - Inner Flame                    Hexes/Fire                   3
   e - Sticky Flame                   Conjuration/Fire             4
   f - Fireball                       Conjuration/Fire             5
 u - a book of Conjurations

   Spells                             Type                      Level
   a - Magic Dart                     Conjuration                  1
   b - Searing Ray                    Conjuration                  2
   c - Dazzling Spray                 Conjuration/Hexes            3
   d - Fulminant Prism                Conjuration/Hexes            4
   e - Iskenderun's Mystic Blast      Conjuration                  4
   f - Iskenderun's Battlesphere      Conjuration/Charms           5
Comestibles
 c - 4 bread rations
 f - 5 meat rations
 s - a royal jelly


   Skills:
 - Level 2.1 Dodging
 - Level 2.1 Stealth
 - Level 4.4 Spellcasting
 + Level 3.6 Conjurations
 + Level 4.2 Fire Magic


You had 2 spell levels left.
You knew the following spells:

 Your Spells              Type           Power        Failure   Level  Hunger
a - Flame Tongue          Conj/Fire      #####        1%          1    None
b - Throw Flame           Conj/Fire      #####.       1%          2    #......
c - Conjure Flame         Conj/Fire      #####...     1%          3    ##.....
d - Sticky Flame          Conj/Fire      #####...     2%          4    ####...


Dungeon Overview and Level Annotations

Branches:
Dungeon (6/15)
 Temple: D:4-7

Altars:
Dithmenos
Gozag
Pakellas

Annotations:
D:5 Ajdolov's ghost, novice OpTm


Message History

Casting: Conjure Flame
Confirm with . or Enter, or press ? or * to list all spells.
Aiming: Conjure Flame
Press: ? - help, Dir - move target cursor The fire roars!
A goblin is nearby!
You feel sick.
Casting: Conjure Flame
Confirm with . or Enter, or press ? or * to list all spells.
Aiming: Flame Tongue
Press: ? - help, Shift-Dir - straight line, f - goblin
Aim: a goblin The flame tongue hits the goblin.
You kill the goblin!
You feel sick.
You are no longer poisoned.
A centaur comes into view.
The centaur shouts!
The centaur wields a shortbow.
The centaur shoots an arrow.
The arrow hits you!
You die...

#.# *,*,**,,,,,,,,********** #.#
*,*,*********** #.# *,..* #.#
*##.#*****##**** #.#
#...,,,,,..,,,* #.#
#...,,,,,.#**,***
##.#####..#*****.# *,,,**
#.........######.###.#.,********
#..######......@...c...,,,,,,,,,
#..........#######..P..****,,,,,
#...#####..#,,,,,***###*,,****,,
#...# #..#,,,,,*,,*,,*,,*,,+,,
#...# #..#,,,,,+,,*,,*,,*,,+,,
#...# #.##******,,**+*+**+**,,
#...# #.#,,,*,,**+*,,,,*,,*,,,
#.#.# #.#,,,+,,,,,,,,,,+,,+,,,
#.#.# #K###**,********,*****,,


You could see a centaur.

Vanquished Creatures
  A scorpion (D:6)
  A hound (D:6)
  A centaur skeleton (D:4)
  5 adders
  A shadow imp (D:6)
  An ooze (D:6)
  A worm (D:3)
  A dart slug (D:3)
  A giant gecko (D:1)
  An orc (D:4)
  5 bats
  8 giant cockroaches
  4 goblins
  4 hobgoblins (D:3)
  A jackal (D:2)
  3 giant newts
  3 kobolds
  6 rats
  A toadstool (D:1)
49 creatures vanquished.

Vanquished Creatures (others)
  3 toadstools (D:1)
3 creatures vanquished.

Grand Total: 52 creatures vanquished

Notes
Turn   | Place    | Note
-------+----------+-------------------------------------------
     0 | D:1      | khekkus the High Elf Fire Elementalist began the quest for the Orb.
     0 | D:1      | Reached XP level 1. HP: 11/11 MP: 4/4
   756 | D:1      | Reached XP level 2. HP: 13/17 MP: 3/6
   763 | D:1      | Learned a level 2 spell: Throw Flame
  1265 | D:2      | Found a shadowy altar of Dithmenos.
  1715 | D:2      | Reached XP level 3. HP: 21/21 MP: 1/7
  1720 | D:2      | Learned a level 3 spell: Conjure Flame
  2540 | D:3      | Reached XP level 4. HP: 27/27 MP: 5/8
  2618 | D:3      | Found an oddly glowing altar of Pakellas.
  2618 | D:3      | Found an opulent altar of Gozag.
  4082 | D:5      | Entered Level 5 of the Dungeon
  4172 | D:5      | Noticed Ajdolov's ghost (novice OpTm)
  4186 | D:6      | Reached XP level 5. HP: 31/31 MP: 1/11
  4300 | D:6      | Learned a level 4 spell: Sticky Flame
  4615 | D:6      | Noticed a centaur
  4617 | D:6      | Shot with an arrow by a centaur

Vault maps used:
D:1:      ldierk_water_garden
D:2:      lemuel_coloured_pillars_altar, first_bread
D:3:      gammafunk_temple_overflow_statue, solitary_fountain
D:5:      kennysheep_spiral_hall, nemelex_xobeh_ov_fountains_minmay
D:6:      corexii_shantytown

Skill      XL: |  1  2  3  4  5 |
---------------+----------------+-----
Conjurations   | 2 3 |  3.6
Fire Magic     | 4 |  4.2
Spellcasting   | 3 4 |  4.4
Dodging        | |  2.1
Stealth        | |  2.1

Action                   |  1- 3 |  4- 6 || total
-------------------------+-------+-------++-------
Melee: Dagger            |    27 |    46 ||    73
       Unarmed           |     4 |       ||     4
 Cast: Flame Tongue      |    45 |    41 ||    86
       Conjure Flame     |     1 |     5 ||     6
  Use: Scroll            |     7 |     1 ||     8
       Potion            |       |     2 ||     2
 Stab: Sleeping          |     3 |     4 ||     7
  Eat: Chunk             |     5 |     2 ||     7
       Meat ration       |       |     1 ||     1
Armor: Robe              |    15 |     6 ||    21
Dodge: Dodged            |    24 |    45 ||    69
Block: Buckler           |       |     7 ||     7
